 Dungeon Crawl Stone Soup version 0.25.0-1-g7eea58d2a3 (webtiles) character file.

Game seed: 13035553181481388070

27 DeadF the Sneak (level 2, 0/11 HPs)
             Began as a Felid Enchanter on June 14, 2020.
             Slain by a giant cockroach (2 damage)
             ... on level 3 of the Dungeon.
             The game lasted 00:01:27 (828 turns).

DeadF the Sneak (Felid Enchanter)                    Turns: 828, Time: 00:01:28

Health: 0/11       AC:  1    Str:  4    XL:     2   Next: 93%
Magic:  6/6        EV: 19    Int: 16    God:
Gold:   46         SH:  0    Dex: 16    Spells: 2/5 levels left
                                        Lives:  0   Deaths: 0

rFire    . . .     SeeInvis +     - Unarmed
rCold    . . .     Gourm    .   (shield unavailable)
rNeg     . . .     Faith    .   (armour unavailable)
rPois    .         Spirit   .   (helmet unavailable)
rElec    .         Reflect  .   (cloak unavailable)
rCorr    .         Harm     .   (gloves unavailable)
MR       .....                  (boots unavailable)
Stlth    +++.......             (no amulet)
HPRegen  0.03/turn              (no ring)
MPRegen  0.10/turn              (no ring)

@: quick
A: very small, no armour, no weapons or thrown items, stealth, claws 1, fangs 3,
see invisible, carnivore, speed 1, shaggy fur 1, slow metabolism 1, sharp paws
a: no special abilities


You were on level 3 of the Dungeon.
You were very full.

You visited 1 branch of the dungeon, and saw 3 of its levels.

You collected 46 gold pieces.

Inventory:

Jewellery
 d - an uncursed amulet of the acrobat {unknown}
 h - an uncursed ring of positive energy {unknown}
Scrolls
 c - 5 scrolls of remove curse {unknown}
 e - a scroll of magic mapping {unknown}
 f - a scroll of amnesia {unknown}
Potions
 a - a potion of cancellation {unknown}
 g - a potion of resistance {unknown}
Comestibles
 b - 3 rations


   Skills:
 + Level 3.8 Dodging
 + Level 5.0 Stealth
 - Level 1.0 Unarmed Combat
 - Level 2.0 Spellcasting
 - Level 4.4 Hexes


You had 2 spell levels left.
You knew the following spells:

 Your Spells              Type           Power        Failure   Level  Hunger
a - Corona                Hex            ###....      3%          1    #......
b - Ensorcelled Hibernat  Hex/Ice        #.....       13%         2    ###....

Your spell library contained the following spells:

 Spells                   Type           Power        Failure   Level  Hunger
 Confusing Touch          Hex            ###.....     11%         3    ###....
 Tukima's Dance           Hex            ###.....     11%         3    ###....
 Dazzling Flash           Conj/Hex       #.....       26%         3    ###....


Dungeon Overview and Level Annotations

Branches:
Dungeon (3/15)

Altars:


Innate Abilities, Weirdness & Mutations

You cannot wear armour.
You are incapable of wielding weapons or throwing items.
Your paws allow you to move quietly. (Stealth)
You have sharp claws.
You have razor-sharp teeth.
You have supernaturally acute eyesight. (SInv)
You are carnivorous and can eat meat at any time.
You cover ground quickly.
You are covered in fur. (AC +1)
You have a slow metabolism.
Your sharp claws are effective at attacking unaware monsters.


Message History

Aim: a kobold, wielding a +0 short sword (chance to defeat MR: 69%)
The kobold is outlined in light.
The kobold hits you with a +0 short sword.
You see here a stone.
A giant cockroach comes into view.
You see here a stone.
The giant cockroach closely misses you.
The kobold stops glowing.
The giant cockroach closely misses you.
A kobold comes into view. It is wielding a +0 short sword.
The kobold shouts!
You hear an angry hiss.
An adder comes into view.
The giant cockroach bites you.
The frilled lizard hisses angrily.
Found a glowing spear.
The giant cockroach bites you. The frilled lizard bites you.
* * * LOW HITPOINT WARNING * * *
There is a stone staircase leading down here.
The giant cockroach waves its antennae.
The giant cockroach bites you.
You die...

.............#
.............##
............##########
...............#.....##
......................##
..................((....
.......................†
.......ls...............
.......@.K..............
.....##..............!..
.....#..K...............
......................#.
....#.........#.....###
..............#
...........)..#
....#.........#


You could see a giant cockroach, 2 kobolds and a frilled lizard.

Vanquished Creatures
  An adder (D:3)
  An ooze (D:1)
  A dart slug (D:1)
  A leopard gecko (D:3)
  A hobgoblin (D:1)
  3 kobolds (D:1)
  2 frilled lizards (D:1)
  2 rats (D:1)
12 creatures vanquished.

Notes
Turn   | Place    | Note
-------+----------+-------------------------------------------
     0 | D:1      | DeadF the Felid Enchanter began the quest for the Orb.
     0 | D:1      | Reached XP level 1. HP: 7/7 MP: 4/4
   419 | D:1      | Reached XP level 2. HP: 11/11 MP: 6/6
   777 | D:1      | Learned a level 2 spell: Ensorcelled Hibernation
   808 | D:3      | Reached skill level 5 in Stealth
   828 | D:3      | Slain by a giant cockroach

Illustrated notes

Levels and vault maps discovered:
D:1:      saegor_arrival_miasma, layout_rooms
D:2:      layout_rooms, lemuel_zombie_altar_kikubaaqudgha, first_ration
D:3:      layout_rooms

Skill      XL: |  1  2 |
---------------+-------+-----
Dodging        | 3 |  3.8
Stealth        | 5 |  5.0
Unarmed Combat | |  1.0
Spellcasting   | |  2.0
Hexes          | |  4.4

Action                   || total
-------------------------++-------
Melee: Unarmed           ||    32
 Cast: Corona            ||     4
 Stab: Sleeping          ||     6
  Eat: Chunk             ||     5
Dodge: Dodged            ||    27
